 Dungeon Crawl Stone Soup version 0.29.1-15-g9cfb28693d (webtiles) character file.

Game seed: 10095356314409197451

19 tizbic2 the Caller (level 2, 0/27 HPs)
             Began as an Ogre Summoner on Mar 22, 2023.
             Slain by an adder (2 damage)
             ... on level 2 of the Dungeon.
             The game lasted 00:05:32 (1376 turns).

tizbic2 the Caller (Ogre Summoner)                  Turns: 1376, Time: 00:05:32

Health: 0/27       AC:  3    Str: 17    XL:     2   Next: 75%
Magic:  1/5        EV:  9    Int: 16    God:
Gold:   89         SH:  0    Dex:  9    Spells: 3/6 levels left

rFire   . . .      SeeInvis .   n - +0 short sword (protect)
rCold   . . .      Faith    .   (no shield)
rNeg    . . .      Spirit   .   a - +0 robe
rPois   .          Reflect  .   (helmet restricted)
rElec   .          Harm     .   (no cloak)
rCorr   .          Rampage  .   (gloves unavailable)
Will    .....                   (boots unavailable)
Stlth   +.........              (no amulet)
HPRegen 0.09/turn               l - +6 ring of strength
MPRegen 0.09/turn               (no ring)

@: lethally poisoned (0 -> -8), hasted, very quick
A: large, unfitting armour, tough skin 1
a: no special abilities


You were on level 2 of the Dungeon.
You visited 1 branch of the dungeon, and saw 2 of its levels.

You collected 89 gold pieces.

Inventory:

Hand Weapons
 n - a +0 short sword of protection (weapon)
Armour
 a - a +0 robe (worn)
Jewellery
 l - a +6 ring of strength (left hand)
Wands
 j - a wand of mindburst (22)
Scrolls
 c - a scroll of torment {unknown}
 f - 2 scrolls of identify {unknown}
 k - a scroll of teleportation {unknown}
 m - 2 scrolls of noise {unknown}
Potions
 b - 2 potions of magic
 e - a potion of might {unknown}
 h - a potion of ambrosia {unknown}
 i - a potion of flight {unknown}


   Skills:
 + Level 1.1 Fighting
 - Level 1.7 Dodging
 - Level 1.4 Stealth
 + Level 2.7 Spellcasting
 + Level 3.7 Summonings
 * Level 1.1 Air Magic


You had 3 spell levels left.
You knew the following spells:

 Your Spells              Type           Power      Damage    Failure   Level
a - Summon Small Mammal   Summ           56%        N/A       4%          1
b - Static Discharge      Conj/Air       4%         3-4/arc   22%         2

Your spell library contained the following spells:

 Spells                   Type           Power      Damage    Failure   Level
 Call Imp                 Summ           14%        N/A       6%          2
 Call Canine Familiar     Summ           14%        N/A       12%         3
 Summon Guardian Golem    Hex/Summ       8%         N/A       26%         3
 Summon Lightning Spire   Summ/Air       10%        N/A       56%         4
 Lightning Bolt           Conj/Air       2%         1d13      99%         5
 Maxwell's Capacitive Co  Air            2%         ∞         100%        8


Dungeon Overview and Level Annotations

Branches:
Dungeon (2/15)

Altars:


Innate Abilities, Weirdness & Mutations

You are too large for most types of armour.
You have tough skin. (AC +1)


Message History

* * * LOW HITPOINT WARNING * * *
You feel sick.
Your quokka misses the adder. The adder bites you.
* * * LOW HITPOINT WARNING * * *
You are more poisoned.
The adder poisons you! The ball python barely misses you.
The adder bites your quokka but does no damage.
It was a potion of curing.
You feel better.
Your quokka bites the adder but does no damage.
The adder bites you.
You are poisoned.
The adder poisons you!
The ball python bites you but does no damage.
You closely miss the adder.
The adder is heavily wounded.
You feel sick.
Your quokka closely misses the adder.
The adder bites you.
* * * LOW HITPOINT WARNING * * *
You closely miss the adder.
The adder is heavily wounded.
You feel sick. The adder bites you but does no damage.
Your quokka bites the adder.
The adder bites you.
* * * LOW HITPOINT WARNING * * *
You are lethally poisoned!
The adder poisons you!
The ball python closely misses your quokka.
The ball python grabs your quokka. The ball python constricts your quokka.
Casting: Summon Small Mammal (safe; 4% risk of failure)
Confirm with . or Enter, or press ? or * to list all spells.
Really attack your quokka?
Your quokka is struck by an arc of lightning.
You kill your quokka!
Your quokka's corpse disappears in a puff of smoke!
The ball python is struck by an arc of lightning.
You kill the ball python!
The lightning grounds out.
The adder hisses angrily.
* * * LOW HITPOINT WARNING * * *
You feel sick. The adder bites you.
* * * LOW HITPOINT WARNING * * *
The adder bites you.
You die...

#...#.#..##....#######
## ..#...#..##.####
......#..#..# #
>..#.#..#..## # ..##
....... #######
#.#....## #......
###.#...# #...##'##
..#....§..# ###.#....
....r..S@.# #.#....
.....#.S#.## ###.#....
$.. #..#..## #...#....
. #..##..# ##.#.#....
#..###†## #....#....
#..# #..###.##.#....
...# ##.....##.#)...
.#.# #####.##.#####
#...).....


You could see 2 adders and a rat.

Vanquished Creatures
  2 kobolds (D:1)
  3 ball pythons (D:2)
  2 bats (D:1)
  2 rats (D:1)
9 creatures vanquished.

Vanquished Creatures (collateral kills)
  A bat (D:2)
  3 endoplasms (D:1)
  A giant cockroach (D:1)
  2 goblins
  2 kobolds (D:1)
  A frilled lizard (D:1)
  A rat (D:1)
11 creatures vanquished.

Grand Total: 20 creatures vanquished

Notes
Turn   | Place    | Note
-------+----------+-------------------------------------------
     0 | D:1      | tizbic2 the Ogre Summoner began the quest for the Orb.
     0 | D:1      | Reached XP level 1. HP: 16/16 MP: 3/3
   326 | D:1      | Reached XP level 2. HP: 15/26 MP: 3/5
   540 | D:1      | Learned a level 2 spell: Static Discharge
   580 | D:1      | Reached skill level 1 in Air Magic
   583 | D:1      | Reached skill level 1 in Fighting
  1376 | D:2      | Slain by an adder

Illustrated notes

Levels and vault maps discovered:
D:1:      lightli_arrival_isolated_outpost, layout_loops_corners,
          minmay_misc_feat_encased, kennysheep_boxes
D:2:      layout_rooms, minivault_25, corner_web_ring,
          minmay_goblin_kobold_house

Skill      XL: |  1  2 |
---------------+-------+-----
Air Magic      | 1 |  1.1
Fighting       | 1 |  1.1
Dodging        | |  1.7
Stealth        | |  1.4
Spellcasting   | |  2.7
Summonings     | |  3.7

Action                   || total
-------------------------++-------
Melee: Unarmed           ||     9
       Club              ||    27
       Short sword       ||    14
 Cast: Summon Small Mamm ||    17
       Static Discharge  ||     2
  Use: Potion            ||     2
       Scroll            ||     1
 Stab: Sleeping          ||     1
Armor: Robe              ||    25
Dodge: Dodged            ||    35
